 Dungeon Crawl Stone Soup version 0.28-b1-25-g9875b3fc8c (webtiles) character file.

Game seed: 691267469709354135

53 tizbic2 the Gusty (level 3, -4/21 HPs)
             Began as an Octopode Air Elementalist on Feb 2, 2022.
             Was an Initiate of Cheibriados.
             Slain by an orc (7 damage)
             ... on level 3 of the Dungeon.
             The game lasted 00:10:30 (1440 turns).

tizbic2 the Gusty (Octopode Air Elementalist)       Turns: 1440, Time: 00:10:31

Health: -4/21      AC:  1    Str: 10    XL:     3   Next: 87%
Magic:  1/6        EV: 13    Int: 18    God:    Cheibriados [......]
Gold:   74         SH:  0    Dex: 13    Spells: 2/6 levels left

rFire   . . .      SeeInvis .   w - +4 short sword
rCold   + . .      Faith    .   (no shield)
rNeg    . . .      Spirit   .   (helmet restricted)
rPois   +          Reflect  .   (no amulet)
rElec   .          Harm     .   c - ring of protection from cold
rCorr   .          Rampage  .   j - ring of poison resistance
Will    .....                   (no ring)
Stlth   +++.......              (no ring)
HPRegen 0.07/turn               (no ring)
MPRegen 0.10/turn               (no ring)
                                (no ring)
                                (no ring)

@: very slow
A: almost no armour, amphibious, 8 rings, camouflage 1, gelatinous body 1,
(nimble swimmer 1), tentacles
a: Renounce Religion


You were on level 3 of the Dungeon.
You worshipped Cheibriados.
Cheibriados was noncommittal.
You visited 1 branch of the dungeon, and saw 3 of its levels.

You collected 74 gold pieces.

Inventory:

Hand Weapons
 w - a +4 short sword (weapon)
Missiles
 f - 35 stones (quivered)
Jewellery
 c - a ring of protection from cold (left tentacle)
 j - a ring of poison resistance (right tentacle)
Wands
 i - a wand of acid (7)
Scrolls
 b - a scroll of noise {unknown}
 d - a scroll of blinking {unknown}
 g - a scroll of silence {unknown}
 h - a scroll of amnesia {unknown}
 k - a scroll of vulnerability {unknown}
 m - a scroll of summoning {unknown}
Potions
 e - a potion of flight {unknown}
 l - a potion of lignification {unknown}


   Skills:
 * Level 2.8 Dodging
 - Level 2.6 Stealth
 * Level 1.7 Unarmed Combat
 + Level 2.3 Spellcasting
 - Level 1.0 Conjurations
 + Level 3.3 Air Magic


You had 2 spell levels left.
You knew the following spells:

 Your Spells              Type           Power      Damage    Failure   Level
a - Shock                 Conj/Air       36%        1d5       7%          1
b - Static Discharge      Conj/Air       9%         N/A       11%         2
c - Sting                 Tmut/Pois      8%         1d3       17%         1

Your spell library contained the following spells:

 Spells                   Type           Power      Damage    Failure   Level
 Poisonous Vapours        Pois/Air       16%        N/A       13%         2
 Swiftness                Air            14%        N/A       13%         3
 Airstrike                Air            7%         N/A       41%         4
 Olgreb's Toxic Radiance  Pois           2%         N/A       86%         4


Dungeon Overview and Level Annotations

Branches:
Dungeon (3/15)

Altars:
Cheibriados
Kikubaaqudgha
Sif Muna

Shops:
D:3 !


Innate Abilities, Weirdness & Mutations

You cannot wear most types of armour.
You are amphibious.
You can wear up to eight rings at the same time.
Your skin changes colour to match your surroundings (Stealth+).
Your rubbery body absorbs attacks. (AC +1, EV +1)
((You are camouflaged when in or above water. (Stealth+)))
You have tentacles for arms and can constrict up to eight enemies at once.


Message History

The orc is moderately wounded.
The zap hits the orc priest.
The orc priest is heavily wounded.
Casting: Shock (safe; 7% risk of failure)
Confirm with . or Enter, or press ? or * to list all spells.
Aiming: Shock (safe; 7% risk of failure)
Press: ? - help, Shift-Dir - straight line, f - orc wizard, p - orc priest
Aim: an orc wizard, wielding a +0 dagger and wearing a +0 robe (60% to hit)
The zap hits the orc.
The orc is moderately wounded.
The zap hits the orc.
You kill the orc!
Cheibriados appreciates the change of pace.
The zap misses the orc priest.
The zap hits the orc.
The orc is almost dead.
The zap hits the orc wizard.
The orc wizard is moderately wounded.
The orc hits you with a +0 mace.
An orc wizard comes into view. It is wielding a +0 dagger.
You see here a +0 spear.
The orc priest mumbles some strange prayers to Beogh against you.
Beogh smites you!
Ouch! That really hurt!
* * * LOW HITPOINT WARNING * * *
The orc priest calls upon Beogh to heal the orc wizard.
The orc wizard's wounds heal themselves!
Casting: Shock (safe; 7% risk of failure)
Confirm with . or Enter, or press ? or * to list all spells.
Aiming: Shock (safe; 7% risk of failure)
Press: ? - help, Shift-Dir - straight line, f - orc wizard, p - orc wizard
Aim: an orc wizard, wielding a +0 dagger and wearing a +0 robe (wandering, hasn't noticed you, 60% to hit)
The zap hits the orc.
The orc is severely wounded.
The zap hits the orc priest.
The orc priest is severely wounded.
The zap misses the orc wizard.
The zap misses the orc.
The zap misses the orc wizard.
The orc wizard shouts! x2
The orc hits you with a +0 mace!
You die...

... ######.#..#
o∩.# #...<..#..#
....##.##.###..#
.#..##+##......#
...oo....#####.#
.....o...#.....####
..!......#........#
.........########.#
........†)oooo.o@.#
.........o.o.######
...##..#.:##..##
..##..###..##..#
.###..# #..###.# .#
#.#####.# #.#
.######8######.#
.##8_.._.._8##.#
..##≈.....≈##..#


You could see 2 orc priests, 3 orc wizards and 2 orcs.

Vanquished Creatures
  2 adders
  2 orcs (D:3)
  3 bats
  2 endoplasms (D:2)
  A giant cockroach (D:2)
  3 goblins
  2 hobgoblins
  3 kobolds (D:1)
  3 quokkas
  3 ball pythons
  2 frilled lizards
  7 rats
33 creatures vanquished.

Notes
Turn   | Place    | Note
-------+----------+-------------------------------------------
     0 | D:1      | tizbic2 the Octopode Air Elementalist began the quest for
                  | the Orb.
     0 | D:1      | Reached XP level 1. HP: 11/11 MP: 3/3
   231 | D:1      | Reached XP level 2. HP: 17/17 MP: 1/5
   362 | D:1      | Reached skill level 1 in Unarmed Combat
   722 | D:2      | Learned a level 2 spell: Static Discharge
   754 | D:2      | Reached XP level 3. HP: 20/21 MP: 3/6
  1109 | D:2      | Learned a level 1 spell: Sting
  1370 | D:3      | Found a snail-covered altar of Cheibriados.
  1370 | D:3      | Found an ancient bone altar of Kikubaaqudgha.
  1370 | D:3      | Found a shimmering blue altar of Sif Muna.
  1383 | D:3      | Became a worshipper of Cheibriados the Contemplative
  1415 | D:3      | Found Huk Xicw's Distillery.
  1440 | D:3      | Slain by an orc

Illustrated notes

Levels and vault maps discovered:
D:1:      co_arrival_square_in_a_square_in_a_square, layout_basic,
          serial_park_tiny_2
D:2:      wander_river, layout_loops_corners, st_stairs_6
D:3:      layout_basic, gammafunk_temple_overflow_claw,
          nicolae_tso_swordbearing_angel, serial_shops, nicolae_shop_stone

Skill      XL: |  1  2 |
---------------+-------+-----
Unarmed Combat | 1 |  1.7
Dodging        | |  2.8
Stealth        | |  2.6
Spellcasting   | |  2.3
Conjurations   | |  1.0
Air Magic      | |  3.3

Action                   || total
-------------------------++-------
Melee: Dagger            ||     9
       Constrict         ||     9
       Tentacles         ||     7
       Short sword       ||    27
       Punch             ||     1
 Cast: Shock             ||    16
       Static Discharge  ||     1
       Sting             ||     1
 Stab: Sleeping          ||    11
Armor: Skin              ||     2
Dodge: Dodged            ||    19
